Knights vs Rafales
(R2)
Created - May 21, 2020 at 19:14
Goals
|
Knights |
2 |
3 |
0 |
5 |
Rafales |
1 |
0 |
1 |
2 |
|
Shots
|
Knights |
12 |
9 |
8 |
29 |
Rafales |
9 |
7 |
10 |
26 |
|
1st period
1. Knights , Nikolaj Ehlers 4 (Josh Bailey 7, Noel Acciari 7) at 8:44 (PP)
2. Rafales , Jayson Megna 1 (Maksim Mayorov 2, Julian Melchiori 3) at 10:28
3. Knights , Vince Hinostroza 2 (Nicolas Petan 1) at 11:58
Penalties :
Nathan Davis (Stf) for Hooking (Minor) at 2:12, Ben Thomson (Stf) for Boarding (Minor) at 7:47, Maksim Mayorov (Stf) for Hooking (Minor) at 15:57
2nd period
4. Knights , Josh Bailey 3 (Noel Acciari 8) at 6:49 (PP)
5. Knights , Noel Acciari 7 (Dwight King 7) at 7:34
6. Knights , Jordan Martinook 2 (Ryan Strome 2, Brendan Gaunce 2) at 11:55
Penalties :
Kevin Veilleux (Stf) for Holding (Minor) at 2:07, Dylan McIlrath (Stf) for Hooking (Minor) at 6:35, Andrew Shaw (Stf) for Cross-checking (Minor) at 8:15, Nathan Davis (Stf) for High sticking (Minor) at 13:57
3rd period
7. Rafales , Kevin Veilleux 1 (Brian Ferlin 4, Ryan Bourque 1) at 17:27 (PP)
Penalties :
Chris Terry (Stf) for Cross-checking (Minor) at 3:11, Kevin Veilleux (Stf) for Slashing (Double Minor) at 13:00, Michael Matheson (Lon) for Hooking (Minor) at 15:34
Goalie Stats
Elvis Merzlikins (Lon), 24 saves from 26 shots - (0.923), W, 3-1-0, 60:00 minutes
Leland Irving (Stf), 12 saves from 13 shots - (0.923), 32:26 minutes
Jake Allen (Stf), 12 saves from 16 shots - (0.750), L, 0-1-0, 27:34 minutes
Players Stats for Knights
Player Name G A P +/- PIM S H SB GA TA FO MP PP MP PK MP
------------------------------------------------------------------------------------
Brendan Gaunce 0 1 1 1 0 1 1 1 0 0 9/13 11:30 0:00 0:00
Collin Miller 0 0 0 -1 0 0 0 3 0 0 0/0 24:11 9:59 0:00
David Shields 0 0 0 1 0 0 0 0 0 1 0/0 11:55 0:00 0:28
Dwight King 0 1 1 0 0 3 3 0 1 0 0/2 21:44 6:29 0:17
Jaccob Slavin 0 0 0 2 0 4 0 3 1 1 0/0 28:07 9:59 0:28
Jordan Martinook 1 0 1 1 0 3 0 1 0 1 0/1 13:05 0:33 0:28
Josh Bailey 1 1 2 0 0 3 1 0 2 1 0/1 23:39 8:40 0:00
Kevin Fiala 0 0 0 1 0 2 0 0 2 0 0/0 8:37 0:21 0:00
Linden Vey 0 0 0 0 0 1 1 0 1 0 0/0 15:30 6:29 0:11
Ludwig Bystrom 0 0 0 1 0 0 0 0 0 0 0/0 11:13 0:00 0:00
Michael Matheson 0 0 0 -1 2 0 0 1 0 1 0/0 21:15 5:39 0:00
Nathan Walker 0 0 0 0 0 0 0 0 0 0 0/0 7:50 0:00 0:00
Nicolas Petan 0 1 1 1 0 0 0 0 0 0 4/5 8:15 0:00 0:00
Nikolaj Ehlers 1 0 1 0 0 2 1 1 1 0 1/3 16:35 8:41 0:00
Noel Acciari 1 2 3 0 0 1 2 1 1 0 18/38 23:54 8:45 0:00
Ryan Strome 0 1 1 1 0 2 3 0 2 0 0/0 18:14 6:29 0:00
Tomas Kundratek 0 0 0 2 0 3 2 1 1 0 0/0 23:18 5:40 0:00
Vince Hinostroza 1 0 1 1 0 4 2 0 1 0 0/0 9:14 0:30 0:00
Players Stats for Rafales
Player Name G A P +/- PIM S H SB GA TA FO MP PP MP PK MP
------------------------------------------------------------------------------------
Akim Aliu 0 0 0 0 0 0 0 0 0 0 0/0 0:19 0:00 0:00
Andrew Shaw 0 0 0 -1 2 3 1 0 1 0 2/3 21:55 0:00 7:21
Ben Johnson 0 0 0 0 0 0 0 0 0 0 0/0 0:00 0:00 0:00
Ben Sexton 0 0 0 0 0 0 0 0 0 0 0/0 1:37 0:00 1:10
Ben Thomson 0 0 0 0 2 0 0 0 0 0 0/0 6:47 0:00 0:00
Borna Rendulic 0 0 0 0 0 0 0 0 0 0 0/0 6:48 0:00 0:00
Brad Ross 0 0 0 0 0 0 0 0 0 0 0/0 2:53 0:00 2:26
Brian Ferlin 0 1 1 -1 0 2 1 0 1 1 2/3 17:25 0:08 4:57
Bruno Gervais 0 0 0 0 0 0 1 0 2 4 0/0 28:30 0:08 8:56
Carl Klingberg 0 0 0 -1 0 4 2 1 1 2 8/12 22:32 0:00 8:23
Chris Terry 0 0 0 -1 2 1 1 0 0 0 2/2 12:02 0:08 0:00
Connor Murphy 0 0 0 0 0 1 0 2 0 1 0/0 28:30 0:08 8:56
Dylan McIlrath 0 0 0 -1 2 3 3 1 0 1 0/0 22:45 0:20 6:29
James Marcou 0 0 0 0 0 0 0 0 0 0 0/0 0:48 0:20 0:00
Jayson Megna 1 0 1 0 0 1 3 0 0 0 2/2 9:41 0:00 0:00
Joe Labate 0 0 0 0 0 0 0 0 0 0 0/1 6:48 0:00 0:00
Joey Laleggia 0 0 0 -1 0 0 0 0 0 0 0/0 8:30 0:00 0:00
Julian Melchiori 0 1 1 -1 0 1 2 2 0 2 0/0 23:00 0:20 6:43
Kevin Veilleux 1 0 1 -1 6 3 1 0 0 1 7/18 12:29 0:28 0:00
Maksim Mayorov 0 1 1 0 2 1 0 0 0 1 0/0 9:41 0:00 0:00
Nathan Davis 0 0 0 -1 4 1 0 2 0 0 8/22 17:11 0:00 3:13
Ryan Bourque 0 1 1 0 0 0 0 0 0 0 0/0 4:11 0:20 3:48
Slater Koekkoek 0 0 0 -1 0 1 0 0 0 0 0/0 8:44 0:00 0:14
Tim Crowder 0 0 0 0 0 4 0 0 0 0 0/0 9:41 0:00 0:00
Tyrell Goulbourne 0 0 0 0 0 0 0 0 0 0 0/0 0:00 0:00 0:00
3 Stars
1 - Noel Acciari (Lon)
2 - Josh Bailey (Lon)
3 - Vince Hinostroza (Lon)
Power Play
Knights - 2 on 10 Attempt(s) - 20.00%
Rafales - 1 on 1 Attempt(s) - 100.00%
Penalty Kill
Knights - 0 on 1 Attempt(s) - 0.00%
- Score 0 goal in Penalty Kill
Rafales - 8 on 10 Attempt(s) - 80.00%
- Score 0 goal in Penalty Kill
Team Stat
Knights - Hits : 16 - Faceoff Wins : 32 - Blocked Shots : 12 - Penalty Minutes : 2
Rafales - Hits : 15 - Faceoff Wins : 31 - Blocked Shots : 8 - Penalty Minutes : 20
Official
Referees : Unknown
Linesman : Unknown
Game Notes
Leland Irving enters game at 7:34 of 2nd period
Finance
Level 1 -- Attendance: 1635 (81.75%) -- Ticket Income $65,400
Level 2 -- Attendance: 866 (86.60%) -- Ticket Income $17,320
Total Attendance: 2501 (83.37%)
Total Ticket Income: $82,720
Other Income: $4,136
Total Income: $86,856
Knights
5 vs 5 Forward
Center Left Wing Right Wing Time % Phy DF OF
1 Noel Acciari Dwight King Josh Bailey 40 1 2 2
2 Brendan Gaunce Jordan Martinook Ryan Strome 30 1 2 2
3 Nikolaj Ehlers Nathan Walker Linden Vey 20 1 2 2
4 Nicolas Petan Kevin Fiala Vince Hinostroza 10 1 2 2
5 vs 5 Defense
Defense Defense Time % Phy DF OF
1 Jaccob Slavin Tomas Kundratek 40 1 2 2
2 Collin Miller Michael Matheson 30 1 2 2
3 David Shields Ludwig Bystrom 18 1 2 2
4 Michael Matheson Jaccob Slavin 12 1 2 2
PowerPlay Forward
Center Left Wing Right Wing Time % Phy DF OF
1 Noel Acciari Nikolaj Ehlers Josh Bailey 60 0 1 4
2 Ryan Strome Dwight King Linden Vey 40 0 1 4
PowerPlay Defense
Defense Defense Time % Phy DF OF
1 Collin Miller Jaccob Slavin 60 0 1 4
2 Michael Matheson Tomas Kundratek 40 0 1 4
Penalty Kill 4 Players Forward
Center Wing Time % Phy DF OF
1 Dwight King Jordan Martinook 60 1 3 1
2 Noel Acciari Vince Hinostroza 40 1 3 1
Penalty Kill 4 Players Defense
Defense Defense Time % Phy DF OF
1 Tomas Kundratek Ludwig Bystrom 60 1 3 1
2 Jaccob Slavin Michael Matheson 40 1 3 1
Penalty Kill - 3 Players Forward
Forward Time % Phy DF OF
1 Noel Acciari 60 0 4 1
2 Vince Hinostroza 40 0 4 1
Penalty Kill - 3 Players Defense
Defense Defense Time % Phy DF OF
1 Jaccob Slavin Tomas Kundratek 60 1 3 1
2 Michael Matheson Ludwig Bystrom 40 1 3 1
4 vs 4 Forward
Center Wing Time % Phy DF OF
1 Noel Acciari Josh Bailey 60 1 2 2
2 Ryan Strome Dwight King 40 1 2 2
4 vs 4 Defense
Defense Defense Time % Phy DF OF
1 Tomas Kundratek Jaccob Slavin 60 1 2 2
2 Michael Matheson Collin Miller 40 1 2 2
Last Minutes Offensive
Center Left Wing Right Wing Defense Defense
Noel Acciari Dwight King Josh Bailey Tomas Kundratek Jaccob Slavin
Last Minutes Defensive
Center Left Wing Right Wing Defense Defense
Noel Acciari Jordan Martinook Vince Hinostroza Jaccob Slavin Tomas Kundratek
Goaltenders
Starting : Elvis Merzlikins
Backup : Magnus Hellberg
Extra Forwards
Normal : Jordan Martinook, Linden Vey, Dwight King - PP : Linden Vey, Jordan Martinook - PK : Josh Bailey
Extra Defensemen
Normal : Tomas Kundratek, Michael Matheson, Collin Miller - PP : Michael Matheson - PK : Ludwig Bystrom, Michael Matheson
Penalty Shots
Noel Acciari, Kevin Fiala, Ryan Strome, Linden Vey, Dwight King
Scratches
Zach Nastasiuk (Healthy), Nicklas Jensen (Healthy), Olli Maatta (Left Wrist Injury), Alan Quine (Healthy), Miro Aaltonen (Sports Hernia Injury)
Matthew Benning (Broken Right Thumb Injury), Trevor Moore (Healthy), Scott Wilson (Healthy), Curtis Valk (Healthy), Anthony Louis (Healthy)
Travis Boyd (Healthy), Fredrik Claesson (Healthy), Mackenzie MacEachern (Healthy), Valentin Zykov (Healthy), Jayce Hawryluk (Healthy)
A.J. Jenks (Healthy), Ryan Collins (Healthy), William Lagesson (Healthy), Eamon McAdam (Healthy), Philippe Desrosiers (Healthy)
Ville Husso (Healthy)
Rafales
5 vs 5 Forward
Center Left Wing Right Wing Time % Phy DF OF
1 Nathan Davis Carl Klingberg Andrew Shaw 40 1 2 2
2 Kevin Veilleux Chris Terry Brian Ferlin 30 1 2 2
3 Jayson Megna Maksim Mayorov Tim Crowder 20 1 2 2
4 Joe Labate Ben Thomson Borna Rendulic 10 1 2 2
5 vs 5 Defense
Defense Defense Time % Phy DF OF
1 Bruno Gervais Connor Murphy 40 1 2 2
2 Julian Melchiori Dylan McIlrath 30 1 2 2
3 Joey Laleggia Slater Koekkoek 20 1 2 2
4 Bruno Gervais Connor Murphy 10 1 2 2
PowerPlay Forward
Center Left Wing Right Wing Time % Phy DF OF
1 Nathan Davis Carl Klingberg Andrew Shaw 60 1 2 2
2 Kevin Veilleux Chris Terry Brian Ferlin 40 1 2 2
PowerPlay Defense
Defense Defense Time % Phy DF OF
1 Bruno Gervais Connor Murphy 60 1 2 2
2 Julian Melchiori Dylan McIlrath 40 1 2 2
Penalty Kill 4 Players Forward
Center Wing Time % Phy DF OF
1 Carl Klingberg Andrew Shaw 60 1 2 2
2 Nathan Davis Brian Ferlin 40 1 2 2
Penalty Kill 4 Players Defense
Defense Defense Time % Phy DF OF
1 Bruno Gervais Connor Murphy 60 1 2 2
2 Julian Melchiori Dylan McIlrath 40 1 2 2
Penalty Kill - 3 Players Forward
Forward Time % Phy DF OF
1 Carl Klingberg 60 1 2 2
2 Andrew Shaw 40 1 2 2
Penalty Kill - 3 Players Defense
Defense Defense Time % Phy DF OF
1 Bruno Gervais Connor Murphy 60 1 2 2
2 Julian Melchiori Dylan McIlrath 40 1 2 2
4 vs 4 Forward
Center Wing Time % Phy DF OF
1 Carl Klingberg Andrew Shaw 60 1 2 2
2 Nathan Davis Brian Ferlin 40 1 2 2
4 vs 4 Defense
Defense Defense Time % Phy DF OF
1 Bruno Gervais Connor Murphy 60 1 2 2
2 Julian Melchiori Dylan McIlrath 40 1 2 2
Last Minutes Offensive
Center Left Wing Right Wing Defense Defense
Nathan Davis Carl Klingberg Andrew Shaw Bruno Gervais Connor Murphy
Last Minutes Defensive
Center Left Wing Right Wing Defense Defense
Nathan Davis Carl Klingberg Andrew Shaw Bruno Gervais Connor Murphy
Goaltenders
Starting : Jake Allen
Backup : Leland Irving
Extra Forwards
Normal : James Marcou, Akim Aliu, Ryan Bourque - PP : James Marcou, Akim Aliu - PK : Ryan Bourque
Extra Defensemen
Normal : Joey Laleggia, Slater Koekkoek, Julian Melchiori - PP : Joey Laleggia - PK : Slater Koekkoek, Julian Melchiori
Penalty Shots
Carl Klingberg, Andrew Shaw, Nathan Davis, Brian Ferlin, Tim Crowder
Scratches
David Broll (Healthy), Chris Driedger (Healthy), Sean Maguire (Healthy)
% Time on Ice - Knights
Lines # - Real PCT - Wanted PCT - Time Play
Normal Forward
1 - 34% - 40% - 14:28
2 - 28% - 30% - 11:55
3 - 18% - 20% - 7:50
4 - 19% - 10% - 8:15
Normal Defense
1 - 40% - 40% - 16:56
2 - 32% - 30% - 13:29
3 - 26% - 18% - 10:54
4 - 3% - 12% - 1:09
PP Forward
1 - 59% - 60% - 9:10
2 - 41% - 40% - 6:29
PP Defense
1 - 64% - 60% - 9:59
2 - 36% - 40% - 5:40
PK Forward
1 - 100% - 60% - 0:28
2 - 0% - 40% - 0:00
PK Defense
1 - 0% - 60% - 0:00
2 - 100% - 40% - 0:28
PK3 Forward
1 - 0% - 60%
2 - 0% - 40%
PK3 Defense
1 - 0% - 60%
2 - 0% - 40%
44 Forward
1 - 76% - 60% - 1:05
2 - 24% - 40% - 0:20
44 Defense
1 - 22% - 60% - 0:19
2 - 78% - 40% - 1:06
Last Minute Offensive - 0:00
Last Minute Defensive - 0:00
Total
Forward - 60:00
Defense - 60:00
|
% Time on Ice - Rafales
Lines # - Real PCT - Wanted PCT - Time Play
Normal Forward
1 - 33% - 40% - 13:56
2 - 28% - 30% - 12:03
3 - 23% - 20% - 9:41
4 - 16% - 10% - 6:48
Normal Defense
1 - 43% - 40% - 18:12
2 - 36% - 30% - 15:06
3 - 20% - 20% - 8:30
4 - 2% - 10% - 0:40
PP Forward
1 - 71% - 60% - 0:20
2 - 29% - 40% - 0:08
PP Defense
1 - 29% - 60% - 0:08
2 - 71% - 40% - 0:20
PK Forward
1 - 68% - 60% - 10:42
2 - 32% - 40% - 4:57
PK Defense
1 - 57% - 60% - 8:56
2 - 43% - 40% - 6:43
PK3 Forward
1 - 0% - 60%
2 - 0% - 40%
PK3 Defense
1 - 0% - 60%
2 - 0% - 40%
44 Forward
1 - 80% - 60% - 1:08
2 - 20% - 40% - 0:17
44 Defense
1 - 40% - 60% - 0:34
2 - 60% - 40% - 0:51
Last Minute Offensive - 0:00
Last Minute Defensive - 0:00
Total
Forward - 60:00
Defense - 60:00
|
Play-by-Play
1st period
0:01 of 1st period - Noel Acciari wins face-off versus Nathan Davis in neutral zone.
0:26 of 1st period - Brian Ferlin is hit by Brendan Gaunce and loses puck.
0:45 of 1st period - Jayson Megna is hit by Nikolaj Ehlers and loses puck.
1:43 of 1st period - Icing by Brendan Gaunce.
1:44 of 1st period - Brendan Gaunce wins face-off versus Kevin Veilleux in Knights zone.
1:55 of 1st period - Slapshot by Brendan Gaunce.
1:55 of 1st period - Stopped by Jake Allen without a rebound.
1:56 of 1st period - Nikolaj Ehlers wins face-off versus Nathan Davis in Rafales zone.
2:12 of 1st period - Minor Penalty to Nathan Davis for Hooking.
2:13 of 1st period - Carl Klingberg wins face-off versus Noel Acciari in Rafales zone.
2:17 of 1st period - Snap shot by Connor Murphy.
2:17 of 1st period - Stopped by Elvis Merzlikins with a rebound.
2:20 of 1st period - Icing by Jaccob Slavin.
2:21 of 1st period - Andrew Shaw wins face-off versus Noel Acciari in Knights zone.
2:22 of 1st period - Snap shot by Carl Klingberg.
2:22 of 1st period - Shot Blocked by Nikolaj Ehlers.
3:06 of 1st period - Snap shot by Andrew Shaw.
3:06 of 1st period - Shot Misses the Net.
3:08 of 1st period - Wrist shot by Carl Klingberg.
3:08 of 1st period - Stopped by Elvis Merzlikins with a rebound.
3:28 of 1st period - Bruno Gervais is hit by Linden Vey and loses puck.
4:12 of 1st period - Penalty to Nathan Davis is over, Nathan Davis is back on ice.
4:29 of 1st period - Snap shot by Vince Hinostroza.
4:29 of 1st period - Shot Misses the Net.
4:31 of 1st period - Wrist shot by Vince Hinostroza.
4:31 of 1st period - Stopped by Jake Allen with a rebound.
4:47 of 1st period - Snap shot by Ben Thomson.
4:47 of 1st period - Shot Misses the Net.
5:27 of 1st period - David Shields is hit by Jayson Megna and loses puck.
6:06 of 1st period - Wrist shot by Nathan Davis.
6:06 of 1st period - Shot Misses the Net.
6:10 of 1st period - Backhand shot by Andrew Shaw.
6:10 of 1st period - Stopped by Elvis Merzlikins without a rebound.
6:11 of 1st period - Noel Acciari wins face-off versus Nathan Davis in Knights zone.
6:21 of 1st period - Andrew Shaw is hit by Dwight King.
6:33 of 1st period - Collin Miller is hit by Dylan McIlrath and loses puck.
7:02 of 1st period - Wrist shot by Linden Vey.
7:02 of 1st period - Stopped by Jake Allen with a rebound.
7:20 of 1st period - Snap shot by Jordan Martinook.
7:20 of 1st period - Stopped by Jake Allen with a rebound.
7:22 of 1st period - Slapshot by Ryan Strome.
7:22 of 1st period - Stopped by Jake Allen with a rebound.
7:47 of 1st period - Minor Penalty to Ben Thomson for Boarding.
7:48 of 1st period - Carl Klingberg wins face-off versus Noel Acciari in Rafales zone.
8:06 of 1st period - Icing by Collin Miller.
8:07 of 1st period - Noel Acciari wins face-off versus Carl Klingberg in Knights zone.
8:26 of 1st period - Snap shot by Nikolaj Ehlers.
8:26 of 1st period - Shot Misses the Net.
8:44 of 1st period - Snap shot by Josh Bailey.
8:44 of 1st period - Deflect By Nikolaj Ehlers.
8:44 of 1st period - Goal by Nikolaj Ehlers - Knights : 1 - Rafales : 0.
8:45 of 1st period - Brendan Gaunce wins face-off versus Kevin Veilleux in neutral zone.
9:16 of 1st period - Off-side.
9:17 of 1st period - Nathan Davis wins face-off versus Nikolaj Ehlers in neutral zone.
9:38 of 1st period - Snap shot by Nathan Walker.
9:38 of 1st period - Shot Misses the Net.
9:40 of 1st period - Slapshot by Jaccob Slavin.
9:40 of 1st period - Shot Misses the Net.
9:42 of 1st period - Slapshot by Jaccob Slavin.
9:42 of 1st period - Stopped by Jake Allen with a rebound.
9:44 of 1st period - Slapshot by Jaccob Slavin.
9:44 of 1st period - Stopped by Jake Allen with a rebound.
9:48 of 1st period - Backhand shot by Linden Vey.
9:48 of 1st period - Deflect By Nikolaj Ehlers.
9:48 of 1st period - Stopped by Jake Allen without a rebound.
9:49 of 1st period - Noel Acciari wins face-off versus Nathan Davis in Rafales zone.
10:00 of 1st period - Noel Acciari is hit by Carl Klingberg and loses puck.
10:15 of 1st period - Josh Bailey is hit by Bruno Gervais and loses puck.
10:20 of 1st period - Slapshot by Tim Crowder.
10:20 of 1st period - Shot Blocked by Noel Acciari.
10:22 of 1st period - Slapshot by Dylan McIlrath.
10:22 of 1st period - Deflect By Collin Miller.
10:22 of 1st period - Stopped by Elvis Merzlikins with a rebound.
10:24 of 1st period - Slapshot by Julian Melchiori.
10:24 of 1st period - Shot Misses the Net.
10:26 of 1st period - Slapshot by Maksim Mayorov.
10:26 of 1st period - Stopped by Elvis Merzlikins with a rebound.
10:28 of 1st period - Snap shot by Jayson Megna.
10:28 of 1st period - Goal by Jayson Megna - Knights : 1 - Rafales : 1.
10:29 of 1st period - Brendan Gaunce wins face-off versus Nathan Davis in neutral zone.
10:44 of 1st period - Off-side.
10:45 of 1st period - Kevin Veilleux wins face-off versus Noel Acciari in neutral zone.
10:50 of 1st period - Slapshot by Brian Ferlin.
10:50 of 1st period - Stopped by Elvis Merzlikins with a rebound.
10:58 of 1st period - Connor Murphy is hit by Dwight King and loses puck.
11:11 of 1st period - Tomas Kundratek is hit by Carl Klingberg and loses puck.
11:20 of 1st period - Slapshot by Ryan Strome.
11:20 of 1st period - Shot Misses the Net.
11:30 of 1st period - Michael Matheson is hit by Jayson Megna and loses puck.
11:56 of 1st period - Snap shot by Nicolas Petan.
11:56 of 1st period - Deflect By Kevin Fiala.
11:56 of 1st period - Stopped by Jake Allen without a rebound.
11:57 of 1st period - Nicolas Petan wins face-off versus Nathan Davis in Rafales zone.
11:58 of 1st period - Snap shot by Vince Hinostroza.
11:58 of 1st period - Goal by Vince Hinostroza - Knights : 2 - Rafales : 1.
11:59 of 1st period - Nathan Davis wins face-off versus Dwight King in neutral zone.
13:25 of 1st period - Slapshot by Carl Klingberg.
13:25 of 1st period - Stopped by Elvis Merzlikins with a rebound.
13:48 of 1st period - Vince Hinostroza is hit by Chris Terry.
14:06 of 1st period - Jaccob Slavin is hit by Dylan McIlrath.
14:10 of 1st period - Dylan McIlrath is hit by Noel Acciari and loses puck.
14:34 of 1st period - Backhand shot by Borna Rendulic.
14:34 of 1st period - Shot Misses the Net.
14:57 of 1st period - Wrist shot by Ryan Strome.
14:57 of 1st period - Stopped by Jake Allen without a rebound.
14:58 of 1st period - Kevin Veilleux wins face-off versus Noel Acciari in Rafales zone.
15:57 of 1st period - Minor Penalty to Maksim Mayorov for Hooking.
15:58 of 1st period - Noel Acciari wins face-off versus Carl Klingberg in Rafales zone.
16:01 of 1st period - Slapshot by Josh Bailey.
16:01 of 1st period - Shot Misses the Net.
17:49 of 1st period - Noel Acciari is hit by Dylan McIlrath and loses puck.
17:57 of 1st period - Penalty to Maksim Mayorov is over, Maksim Mayorov is back on ice.
17:57 of 1st period - Icing by Tomas Kundratek.
17:58 of 1st period - Jayson Megna wins face-off versus Dwight King in Knights zone.
17:59 of 1st period - Wrist shot by Tim Crowder.
17:59 of 1st period - Stopped by Elvis Merzlikins with a rebound.
18:59 of 1st period - Slapshot by Andrew Shaw.
18:59 of 1st period - Shot Misses the Net.
19:19 of 1st period - Wrist shot by Tim Crowder.
19:19 of 1st period - Shot Misses the Net.
19:33 of 1st period - Slapshot by Ryan Strome.
19:33 of 1st period - Shot Misses the Net.
Goals for this period are 2 for Knights vs 1 for Rafales.
Shots for this period are 12 for Knights vs 9 for Rafales.
2nd period
0:01 of 2nd period - Noel Acciari wins face-off versus Nathan Davis in neutral zone.
0:13 of 2nd period - Slapshot by Tomas Kundratek.
0:13 of 2nd period - Stopped by Jake Allen with a rebound.
0:31 of 2nd period - Backhand shot by Tim Crowder.
0:31 of 2nd period - Shot Misses the Net.
0:33 of 2nd period - Slapshot by Bruno Gervais.
0:33 of 2nd period - Shot Blocked by Jaccob Slavin.
0:39 of 2nd period - Snap shot by Tomas Kundratek.
0:39 of 2nd period - Deflect By Tim Crowder.
0:39 of 2nd period - Stopped by Jake Allen without a rebound.
0:40 of 2nd period - Brendan Gaunce wins face-off versus Kevin Veilleux in Rafales zone.
0:43 of 2nd period - Snap shot by Brendan Gaunce.
0:43 of 2nd period - Shot Blocked by Julian Melchiori.
1:24 of 2nd period - Wrist shot by Kevin Fiala.
1:24 of 2nd period - Shot Blocked by Nathan Davis.
1:48 of 2nd period - Wrist shot by Tim Crowder.
1:48 of 2nd period - Shot Misses the Net.
1:50 of 2nd period - Slapshot by Dylan McIlrath.
1:50 of 2nd period - Stopped by Elvis Merzlikins with a rebound.
1:52 of 2nd period - Snap shot by Tim Crowder.
1:52 of 2nd period - Shot Misses the Net.
1:54 of 2nd period - Wrist shot by Maksim Mayorov.
1:54 of 2nd period - Shot Blocked by Jaccob Slavin.
1:56 of 2nd period - Wrist shot by Tim Crowder.
1:56 of 2nd period - Stopped by Elvis Merzlikins without a rebound.
1:57 of 2nd period - Kevin Veilleux wins face-off versus Brendan Gaunce in Knights zone.
1:58 of 2nd period - Wrist shot by Brian Ferlin.
1:58 of 2nd period - Shot Blocked by Michael Matheson.
2:04 of 2nd period - Snap shot by Kevin Veilleux.
2:04 of 2nd period - Shot Blocked by Jordan Martinook.
2:07 of 2nd period - Minor Penalty to Kevin Veilleux for Holding.
2:08 of 2nd period - Carl Klingberg wins face-off versus Noel Acciari in Rafales zone.
3:54 of 2nd period - Bruno Gervais is hit by Ryan Strome and loses puck.
4:07 of 2nd period - Penalty to Kevin Veilleux is over, Kevin Veilleux is back on ice.
4:14 of 2nd period - Icing by Brian Ferlin.
4:15 of 2nd period - Nathan Davis wins face-off versus Nicolas Petan in Rafales zone.
5:01 of 2nd period - Slapshot by Noel Acciari.
5:01 of 2nd period - Shot Misses the Net.
5:56 of 2nd period - Andrew Shaw is hit by Tomas Kundratek and loses puck.
6:35 of 2nd period - Minor Penalty to Dylan McIlrath for Hooking.
6:36 of 2nd period - Noel Acciari wins face-off versus Carl Klingberg in Rafales zone.
6:49 of 2nd period - Slapshot by Josh Bailey.
6:49 of 2nd period - Goal by Josh Bailey - Knights : 3 - Rafales : 1.
6:50 of 2nd period - Noel Acciari wins face-off versus Nathan Davis in neutral zone.
7:13 of 2nd period - Icing by Dwight King.
7:14 of 2nd period - Kevin Veilleux wins face-off versus Noel Acciari in Knights zone.
7:21 of 2nd period - Wrist shot by Brian Ferlin.
7:21 of 2nd period - Shot Blocked by Tomas Kundratek.
7:27 of 2nd period - Julian Melchiori is hit by Josh Bailey and loses puck.
7:34 of 2nd period - Wrist shot by Noel Acciari.
7:34 of 2nd period - Goal by Noel Acciari - Knights : 4 - Rafales : 1.
7:34 of 2nd period - Leland Irving enters game.
7:35 of 2nd period - Nathan Davis wins face-off versus Noel Acciari in neutral zone.
8:10 of 2nd period - Icing by Jaccob Slavin.
8:11 of 2nd period - Brendan Gaunce wins face-off versus Nathan Davis in Knights zone.
8:15 of 2nd period - Minor Penalty to Andrew Shaw for Cross-checking.
8:16 of 2nd period - Carl Klingberg wins face-off versus Noel Acciari in Rafales zone.
8:26 of 2nd period - Snap shot by Josh Bailey.
8:26 of 2nd period - Stopped by Leland Irving without a rebound.
8:27 of 2nd period - Carl Klingberg wins face-off versus Noel Acciari in Rafales zone.
9:08 of 2nd period - Snap shot by Brian Ferlin.
9:08 of 2nd period - Shot Misses the Net.
10:15 of 2nd period - Penalty to Andrew Shaw is over, Andrew Shaw is back on ice.
10:20 of 2nd period - Andrew Shaw is hit by Noel Acciari and loses puck.
10:34 of 2nd period - Icing by Jaccob Slavin.
10:35 of 2nd period - Nicolas Petan wins face-off versus Kevin Veilleux in Knights zone.
10:58 of 2nd period - Jordan Martinook is hit by Jayson Megna and loses puck.
11:04 of 2nd period - Icing by Jordan Martinook.
11:05 of 2nd period - Jayson Megna wins face-off versus Brendan Gaunce in Knights zone.
11:28 of 2nd period - Slapshot by Tim Crowder.
11:28 of 2nd period - Stopped by Elvis Merzlikins with a rebound.
11:55 of 2nd period - Snap shot by Jordan Martinook.
11:55 of 2nd period - Goal by Jordan Martinook - Knights : 5 - Rafales : 1.
11:56 of 2nd period - Noel Acciari wins face-off versus Nathan Davis in neutral zone.
11:59 of 2nd period - Wrist shot by Dwight King.
11:59 of 2nd period - Stopped by Leland Irving without a rebound.
12:00 of 2nd period - Nathan Davis wins face-off versus Noel Acciari in Rafales zone.
12:48 of 2nd period - Snap shot by Jayson Megna.
12:48 of 2nd period - Shot Misses the Net.
12:50 of 2nd period - Snap shot by Tim Crowder.
12:50 of 2nd period - Stopped by Elvis Merzlikins with a rebound.
13:43 of 2nd period - Icing by Ben Thomson.
13:44 of 2nd period - Brendan Gaunce wins face-off versus Joe Labate in Rafales zone.
13:48 of 2nd period - Wrist shot by Ryan Strome.
13:48 of 2nd period - Deflect By Jordan Martinook.
13:48 of 2nd period - Stopped by Leland Irving with a rebound.
13:50 of 2nd period - Slapshot by Ludwig Bystrom.
13:50 of 2nd period - Deflect By Ryan Strome.
13:50 of 2nd period - Shot Misses the Net.
13:50 of 2nd period - Puck is out of play.
13:51 of 2nd period - Andrew Shaw wins face-off versus Brendan Gaunce in Rafales zone.
13:57 of 2nd period - Minor Penalty to Nathan Davis for High sticking.
13:58 of 2nd period - Carl Klingberg wins face-off versus Noel Acciari in Rafales zone.
14:08 of 2nd period - Slapshot by Jaccob Slavin.
14:08 of 2nd period - Stopped by Leland Irving with a rebound.
14:32 of 2nd period - Wrist shot by Brian Ferlin.
14:32 of 2nd period - Shot Misses the Net.
15:57 of 2nd period - Penalty to Nathan Davis is over, Nathan Davis is back on ice.
16:18 of 2nd period - Maksim Mayorov is hit by Vince Hinostroza and loses puck.
17:08 of 2nd period - Wrist shot by Joe Labate.
17:08 of 2nd period - Shot Misses the Net.
17:49 of 2nd period - Nathan Davis is hit by Ryan Strome and loses puck.
18:18 of 2nd period - Bruno Gervais is hit by Vince Hinostroza and loses puck.
18:42 of 2nd period - Snap shot by Carl Klingberg.
18:42 of 2nd period - Stopped by Elvis Merzlikins with a rebound.
18:44 of 2nd period - Slapshot by Carl Klingberg.
18:44 of 2nd period - Stopped by Elvis Merzlikins without a rebound.
18:45 of 2nd period - Kevin Veilleux wins face-off versus Noel Acciari in Knights zone.
18:46 of 2nd period - Slapshot by Brian Ferlin.
18:46 of 2nd period - Stopped by Elvis Merzlikins without a rebound.
18:47 of 2nd period - Chris Terry wins face-off versus Noel Acciari in Knights zone.
19:01 of 2nd period - Off-side.
19:02 of 2nd period - Brendan Gaunce wins face-off versus Nathan Davis in neutral zone.
19:09 of 2nd period - Slapshot by Tomas Kundratek.
19:09 of 2nd period - Shot Misses the Net.
19:17 of 2nd period - Slapshot by Connor Murphy.
19:17 of 2nd period - Shot Misses the Net.
19:45 of 2nd period - Kevin Veilleux is hit by Dwight King and loses puck.
Goals for this period are 3 for Knights vs 0 for Rafales.
Shots for this period are 9 for Knights vs 7 for Rafales.
3rd period
0:01 of 3rd period - Nathan Davis wins face-off versus Noel Acciari in neutral zone.
0:14 of 3rd period - Slapshot by Tomas Kundratek.
0:14 of 3rd period - Stopped by Leland Irving with a rebound.
0:51 of 3rd period - Slapshot by Connor Murphy.
0:51 of 3rd period - Shot Misses the Net.
1:13 of 3rd period - Snap shot by Kevin Fiala.
1:13 of 3rd period - Shot Misses the Net.
1:37 of 3rd period - Off-side.
1:38 of 3rd period - Noel Acciari wins face-off versus Kevin Veilleux in neutral zone.
1:41 of 3rd period - Wrist shot by Jaccob Slavin.
1:41 of 3rd period - Deflect By Kevin Veilleux.
1:41 of 3rd period - Stopped by Leland Irving without a rebound.
1:42 of 3rd period - Noel Acciari wins face-off versus Kevin Veilleux in Rafales zone.
1:43 of 3rd period - Snap shot by Josh Bailey.
1:43 of 3rd period - Stopped by Leland Irving without a rebound.
1:44 of 3rd period - Brian Ferlin wins face-off versus Noel Acciari in Rafales zone.
1:51 of 3rd period - Slapshot by Julian Melchiori.
1:51 of 3rd period - Stopped by Elvis Merzlikins with a rebound.
1:53 of 3rd period - Wrist shot by Kevin Veilleux.
1:53 of 3rd period - Shot Blocked by Jaccob Slavin.
1:55 of 3rd period - Slapshot by Dylan McIlrath.
1:55 of 3rd period - Deflect By Jaccob Slavin.
1:55 of 3rd period - Stopped by Elvis Merzlikins with a rebound.
2:17 of 3rd period - Snap shot by Ryan Strome.
2:17 of 3rd period - Shot Blocked by Nathan Davis.
2:33 of 3rd period - Wrist shot by Maksim Mayorov.
2:33 of 3rd period - Shot Misses the Net.
2:41 of 3rd period - Slapshot by Tim Crowder.
2:41 of 3rd period - Shot Blocked by Collin Miller.
3:10 of 3rd period - Snap shot by Brian Ferlin.
3:10 of 3rd period - Shot Misses the Net.
3:11 of 3rd period - Minor Penalty to Chris Terry for Cross-checking.
3:12 of 3rd period - Noel Acciari wins face-off versus Carl Klingberg in Rafales zone.
3:17 of 3rd period - Snap shot by Josh Bailey.
3:17 of 3rd period - Shot Blocked by Connor Murphy.
3:37 of 3rd period - Nathan Davis is hit by Ryan Strome and loses puck.
4:00 of 3rd period - Tomas Kundratek is hit by Julian Melchiori and loses puck.
5:11 of 3rd period - Penalty to Chris Terry is over, Chris Terry is back on ice.
5:24 of 3rd period - Joey Laleggia is hit by Tomas Kundratek and loses puck.
6:35 of 3rd period - Icing by Linden Vey.
6:36 of 3rd period - Kevin Veilleux wins face-off versus Nikolaj Ehlers in Knights zone.
6:39 of 3rd period - Slapshot by Chris Terry.
6:39 of 3rd period - Stopped by Elvis Merzlikins without a rebound.
6:40 of 3rd period - Noel Acciari wins face-off versus Kevin Veilleux in Knights zone.
6:45 of 3rd period - Wrist shot by Brian Ferlin.
6:45 of 3rd period - Shot Blocked by Collin Miller.
6:49 of 3rd period - Slapshot by Brian Ferlin.
6:49 of 3rd period - Deflect By Kevin Veilleux.
6:49 of 3rd period - Shot Blocked by Collin Miller.
6:49 of 3rd period - Puck is out of play.
6:50 of 3rd period - Noel Acciari wins face-off versus Nathan Davis in Knights zone.
6:55 of 3rd period - Slapshot by Tomas Kundratek.
6:55 of 3rd period - Shot Misses the Net.
7:00 of 3rd period - Off-side.
7:01 of 3rd period - Noel Acciari wins face-off versus Nathan Davis in neutral zone.
7:06 of 3rd period - Slapshot by Jaccob Slavin.
7:06 of 3rd period - Shot Blocked by Connor Murphy.
7:12 of 3rd period - Slapshot by Andrew Shaw.
7:12 of 3rd period - Stopped by Elvis Merzlikins without a rebound.
7:13 of 3rd period - Nathan Davis wins face-off versus Noel Acciari in Knights zone.
7:14 of 3rd period - Wrist shot by Andrew Shaw.
7:14 of 3rd period - Deflect By Jaccob Slavin.
7:14 of 3rd period - Stopped by Elvis Merzlikins with a rebound.
7:51 of 3rd period - Off-side.
7:52 of 3rd period - Noel Acciari wins face-off versus Kevin Veilleux in neutral zone.
7:54 of 3rd period - Tomas Kundratek is hit by Kevin Veilleux and loses puck.
8:01 of 3rd period - Snap shot by Kevin Veilleux.
8:01 of 3rd period - Stopped by Elvis Merzlikins with a rebound.
8:03 of 3rd period - Wrist shot by Kevin Veilleux.
8:03 of 3rd period - Shot Misses the Net.
8:05 of 3rd period - Slapshot by Brian Ferlin.
8:05 of 3rd period - Deflect By Kevin Veilleux.
8:05 of 3rd period - Stopped by Elvis Merzlikins without a rebound.
8:06 of 3rd period - Chris Terry wins face-off versus Noel Acciari in Knights zone.
8:13 of 3rd period - Wrist shot by Josh Bailey.
8:13 of 3rd period - Shot Misses the Net.
8:55 of 3rd period - Snap shot by Vince Hinostroza.
8:55 of 3rd period - Stopped by Leland Irving without a rebound.
8:56 of 3rd period - Nicolas Petan wins face-off versus Kevin Veilleux in Rafales zone.
8:57 of 3rd period - Snap shot by Kevin Fiala.
8:57 of 3rd period - Stopped by Leland Irving without a rebound.
8:58 of 3rd period - Nicolas Petan wins face-off versus Kevin Veilleux in Rafales zone.
8:59 of 3rd period - Slapshot by Vince Hinostroza.
8:59 of 3rd period - Stopped by Leland Irving with a rebound.
9:32 of 3rd period - Off-side.
9:33 of 3rd period - Nathan Davis wins face-off versus Josh Bailey in neutral zone.
10:00 of 3rd period - Ryan Strome is hit by Brian Ferlin and loses puck.
10:21 of 3rd period - Slapshot by Jayson Megna.
10:21 of 3rd period - Shot Hit the Post.
12:34 of 3rd period - Off-side.
12:35 of 3rd period - Brian Ferlin wins face-off versus Brendan Gaunce in neutral zone.
12:38 of 3rd period - Slapshot by Slater Koekkoek.
12:38 of 3rd period - Stopped by Elvis Merzlikins without a rebound.
12:39 of 3rd period - Brendan Gaunce wins face-off versus Kevin Veilleux in Knights zone.
13:00 of 3rd period - Double Minor Penalty to Kevin Veilleux for Slashing.
13:01 of 3rd period - Carl Klingberg wins face-off versus Noel Acciari in Rafales zone.
13:14 of 3rd period - Noel Acciari is hit by Andrew Shaw.
15:34 of 3rd period - Minor Penalty to Michael Matheson for Hooking.
15:35 of 3rd period - Carl Klingberg wins face-off versus Noel Acciari in Knights zone.
16:45 of 3rd period - Snap shot by Dwight King.
16:45 of 3rd period - Shot Misses the Net.
16:47 of 3rd period - Wrist shot by David Shields.
16:47 of 3rd period - Shot Blocked by Dylan McIlrath.
16:49 of 3rd period - Slapshot by Dwight King.
16:49 of 3rd period - Shot Blocked by Julian Melchiori.
16:51 of 3rd period - Snap shot by Ryan Strome.
16:51 of 3rd period - Deflect By Dwight King.
16:51 of 3rd period - Stopped by Leland Irving with a rebound.
17:00 of 3rd period - Penalty to Kevin Veilleux is over, Kevin Veilleux is back on ice.
17:27 of 3rd period - Snap shot by Kevin Veilleux.
17:27 of 3rd period - Goal by Kevin Veilleux - Knights : 5 - Rafales : 2.
17:28 of 3rd period - Noel Acciari wins face-off versus Andrew Shaw in neutral zone.
17:33 of 3rd period - Snap shot by Noel Acciari.
17:33 of 3rd period - Shot Blocked by Carl Klingberg.
17:35 of 3rd period - Slapshot by Dwight King.
17:35 of 3rd period - Stopped by Leland Irving without a rebound.
17:36 of 3rd period - Noel Acciari wins face-off versus Nathan Davis in Rafales zone.
18:46 of 3rd period - Slapshot by Nathan Davis.
18:46 of 3rd period - Stopped by Elvis Merzlikins without a rebound.
18:47 of 3rd period - Brendan Gaunce wins face-off versus Brian Ferlin in Knights zone.
18:52 of 3rd period - Snap shot by Brian Ferlin.
18:52 of 3rd period - Deflect By Chris Terry.
18:52 of 3rd period - Shot Blocked by Brendan Gaunce.
18:52 of 3rd period - Puck is out of play.
18:53 of 3rd period - Kevin Veilleux wins face-off versus Jordan Martinook in Knights zone.
19:02 of 3rd period - Jaccob Slavin is hit by Julian Melchiori and loses puck.
19:45 of 3rd period - Snap shot by Joe Labate.
19:45 of 3rd period - Shot Misses the Net.
19:51 of 3rd period - Snap shot by Joe Labate.
19:51 of 3rd period - Shot Misses the Net.
Goals for this period are 0 for Knights vs 1 for Rafales.
Shots for this period are 8 for Knights vs 10 for Rafales.
Back to the Top